 Dungeon Crawl Stone Soup version 0.31-a0-164-g2312942fda (webtiles) character file.

Game seed: 13058315199660164551

217 qw the Shooter (level 5, -2/33 HPs)
             Began as a Gargoyle Hunter on June 13, 2023.
             Slain by an iguana (3 damage)
             ... on level 4 of the Dungeon.
             The game lasted 00:01:11 (2463 turns).

qw the Shooter (Gargoyle Hunter)                    Turns: 2463, Time: 00:01:12

Health: -2/33      AC: 12    Str: 14    XL:     5   Next: 94%
Magic:  5/5        EV: 11    Int: 10    God:
Gold:   74         SH:  0    Dex: 15    Spells: 4/4 levels left

rFire   . . .        Y - +1 shortbow
rCold   . . .        (shield currently unavailable)
rNeg    + . .        b - +0 ring mail
rPois   inf          (no helmet)
rElec   +            e - +2 cloak
rCorr   .            (no gloves)
SInv    .            (no boots)
Will    +....        (no amulet)
Stlth   +            c - ring of willpower
HPRegen 0.25/turn    (no ring)
MPRegen 0.09/turn

%: no passive effects
@: no status effects
A: sickness immunity, AC +4, negative energy resistance 1, electricity
resistance, torment resistance 1, petrification resistance
a: no special abilities


You were on level 4 of the Dungeon.
You visited 1 branch of the dungeon, and saw 4 of its levels.

You collected 171 gold pieces.
You spent 97 gold pieces at shops.


Innate Abilities, Weirdness & Mutations

You are immune to sickness and miasma.
Your stone body is resilient. (AC +4)
You are immune to poison.
You resist negative energy. (rN+)
You are resistant to electric shocks. (rElec)
You are resistant to unholy torment.
You are immune to petrification.


   Skills:
 - Level 4.0 Fighting
 + Level 6.0 Ranged Weapons
 - Level 1.3 Armour
 - Level 1.5 Dodging
 - Level 1.1 Stealth


You had 4 spell levels left.
You didn't know any spells.
Your spell library was empty.

Inventory:

Hand Weapons
 Y - a +1 shortbow (weapon)
Armour
 b - a +0 ring mail (worn)
 e - a +2 cloak (worn)
Jewellery
 c - a ring of willpower (left hand)
Scrolls
 i - 2 scrolls of identify
Potions
 a - a potion of might
 d - 2 potions of curing
 g - a potion of degeneration {unknown}
 h - a potion of resistance {unknown}
 j - a potion of magic {unknown}
 k - a potion of heal wounds {unknown}
 p - a potion of brilliance {unknown}

Dungeon Overview and Level Annotations

Branches:
Dungeon (4/15)
 Temple: D:4-7

Altars:
Zin

Shops:
D:2 :   D:3 *


Message History

The adder bites you but does no damage.
You shoot an arrow.
The arrow hits the adder but does no damage.
The adder is almost dead.
The adder bites you but does no damage. x2
You shoot an arrow. The arrow hits the adder!
You kill the adder!
The iguana misses you.
Your Fighting skill increases to level 4!
You shoot an arrow. The arrow hits the iguana.
The iguana is moderately wounded.
The iguana bites you!
You shoot an arrow. The arrow closely misses the iguana.
The arrow hits the gnoll bouda.
The gnoll bouda is moderately wounded.
The iguana bites you!
You shoot an arrow. The arrow hits the iguana.
The iguana is heavily wounded.
The iguana hisses menacingly.
The iguana bites you.
You shoot an arrow. The arrow closely misses the iguana.
The arrow barely misses the gnoll bouda.
The iguana misses you.
You shoot an arrow. The arrow barely misses the iguana.
The arrow barely misses the gnoll bouda.
The iguana bites you but does no damage.
The iguana bites you!
You shoot an arrow.
The arrow hits the iguana but does no damage.
The iguana is heavily wounded.
The iguana hisses menacingly.
The iguana completely misses you.
You shoot an arrow. The arrow closely misses the iguana.
The arrow hits the gnoll bouda.
The gnoll bouda is heavily wounded.
The iguana bites you.
You shoot an arrow. The arrow hits the iguana.
The iguana is severely wounded.
The iguana bites you.
You die...

........... ..[........#
### # ........>..# #.. .#
......##.... ##.# #.
..........# ..#....
......###.. ...#.#. g##
......#####.#..#gw gw
........#.....##l######
..............#.@....#
..............#.#..#.#
..............#......#
......).......#......#
###
..............#.#..#.#..
#.###
........#....##......#z.#
#...#
.).....###.#.##.#########
###.### ................#
#.... ######........###
#####


You could see a gnoll bouda, an iguana, a wight and a dart slug.

Vanquished Creatures
  An orc wizard (D:3)
  9 adders
  An ufetubus (D:4)
  4 worms
  3 dart slugs
  7 orcs
  2 ball pythons
  8 endoplasms
  3 giant cockroaches
  4 goblins
  10 hobgoblins
  5 jackals (D:2)
  2 quokkas
  7 bats
  5 frilled lizards
  5 kobolds
  7 rats
83 creatures vanquished.

Notes
Turn   | Place    | Note
-------+----------+-------------------------------------------
     0 | D:1      | qw the Gargoyle Hunter began the quest for the Orb.
     0 | D:1      | Reached XP level 1. HP: 12/12 MP: 1/1
     0 | D:1      | 0 ||| qw: Version: 0.2-a-29-gc1b59c4
     0 | D:1      | 0 ||| qw: Game counter: 4566
     0 | D:1      | 0 ||| qw: Always use a shield: true
     0 | D:1      | 0 ||| qw: God list: Okawaru
     0 | D:1      | 0 ||| qw: Allow faded altars: false
     0 | D:1      | 0 ||| qw: Do Orc after D:15 true
     0 | D:1      | 0 ||| qw: Do second Lair branch before Depths: true
     0 | D:1      | 0 ||| qw: Lair rune preference: random
     0 | D:1      | 0 ||| qw: Plans: Normal, Zot:1-4, Slime:5, God:TSO, Crypt,
                  | Tomb, Abyss, Pan, Hells, Win
     0 | D:1      | 0 ||| PLANNING D:1-11
   105 | D:1      | Reached XP level 2. HP: 17/17 MP: 2/2
   332 | D:1      | Found a faded altar of an unknown god.
   579 | D:1      | Reached XP level 3. HP: 21/21 MP: 3/3
   604 | D:1      | Reached skill level 5 in Ranged Weapons
   881 | D:1      | 881 ||| UPGRADING to +2 cloak.
   886 | D:1      | 886 ||| READING scroll labelled ZOISOSY TUITA.
   887 | D:1      | 887 ||| DROPPING scroll of butterflies.
   996 | D:2      | Found Qafolora's Book Emporium.
  1183 | D:2      | Reached skill level 3 in Fighting
  1201 | D:2      | Reached XP level 4. HP: 28/28 MP: 4/4
  1261 | D:2      | Identified the +2 dagger "Dochiulo" {protect, +Blink rF+}
  1457 | D:2      | Found a glowing silver altar of Zin.
  1546 | D:2      | 1546 ||| UPGRADING to +0 ring mail.
  1556 | D:2      | 1556 ||| DROPPING +0 leather armour.
  1557 | D:2      | 1557 ||| READING scroll labelled ONGE CAFORAPT.
  1558 | D:2      | 1558 ||| READING scroll labelled RIARUKINUA.
  1559 | D:2      | 1559 ||| READING 2 scrolls labelled SOM JIOPOO.
  1560 | D:2      | 1560 ||| DRINKING 3 silvery potions.
  1561 | D:2      | 1561 ||| DROPPING scroll of blinking.
  1746 | D:3      | Reached skill level 1 in Armour
  1782 | D:3      | Found Zirarphug's Assorted Antiques.
  1790 | D:3      | 1790 ||| BUYING bubbling purple potion (22 gold).
  1790 | D:3      | Bought a bubbling purple potion for 22 gold pieces
  1790 | D:3      | 1790 ||| SHOPLISTING glowing orcbow (162 gold, have 99).
  1790 | D:3      | 1790 ||| BUYING scroll labelled FEOLYG UVAOL (25 gold).
  1790 | D:3      | Bought a scroll labelled FEOLYG UVAOL for 25 gold pieces
  1790 | D:3      | 1790 ||| BUYING scroll labelled JOLIRI PAINT (25 gold).
  1790 | D:3      | Bought a scroll labelled JOLIRI PAINT for 25 gold pieces
  1790 | D:3      | 1790 ||| BUYING scroll labelled LIASUR TIZUGH (25 gold).
  1790 | D:3      | Bought a scroll labelled LIASUR TIZUGH for 25 gold pieces
  1790 | D:3      | 1790 ||| SHOPLISTING scroll labelled UFIDWO LEZOY (25 gold,
                  | have 24).
  1790 | D:3      | 1790 ||| SHOPLISTING scroll of identify (50 gold, have 24).
  1862 | D:3      | Reached XP level 5. HP: 32/32 MP: 5/5
  2239 | D:3      | 2239 ||| UPGRADING to ring of willpower.
  2240 | D:3      | 2240 ||| READING scroll labelled QAZIMA BIFA.
  2241 | D:3      | 2241 ||| READING scroll labelled FEOLYG UVAOL.
  2242 | D:3      | 2242 ||| READING scroll labelled JOLIRI PAINT.
  2243 | D:3      | 2243 ||| READING 2 scrolls labelled LIASUR TIZUGH.
  2244 | D:3      | 2244 ||| READING scroll labelled LIYMNI ARAECHE.
  2245 | D:3      | 2245 ||| READING 2 scrolls of identify.
  2245 | D:3      | 2245 ||| IDENTIFYING brown potion
  2246 | D:3      | 2246 ||| DROPPING scroll of revelation.
  2284 | D:4      | Reached skill level 6 in Ranged Weapons
  2289 | D:4      | 2289 ||| STAIRDANCE
  2460 | D:4      | HP: 6/33 [iguana (7)]
  2462 | D:4      | HP: 1/33 [iguana (6)]
  2463 | D:4      | Slain by an iguana

Levels and vault maps discovered:
D:1:      minmay_arrival_plants_in_alcoves, layout_basic,
          hellmonk_ecumenical_altar_blasted, nrook_uturn
D:2:      layout_basic, serial_shops, nicolae_shop_tiny_real_fake_doors,
          basic_altar
D:3:      layout_loops_cross, serial_shops, shop, minmay_starry_boxes
D:4:      minmay_clustersquares, layout_rooms,
          minmay_temple_entry_drinking_statues, serial_glass, glass_columns_b,
          glass_columns_a

Skill      XL: |  1  2  3  4  5 |
---------------+----------------+-----
Ranged Weapons | 5 6 |  6.0
Fighting       | 3 4 |  4.0
Armour         | 1 |  1.3
Dodging        | |  1.5
Stealth        | |  1.1

Action                     |  1- 3 |  4- 6 || total
---------------------------+-------+-------++-------
   Fire: Shortbow          |   120 |   173 ||   293
    Use: Scroll            |     1 |     9 ||    10
         Potion            |       |     1 ||     1
 Armour: Leather armour    |    23 |     5 ||    28
         Ring mail         |       |    73 ||    73
  Dodge: Dodged            |    34 |    77 ||   111

Table legend:
 A = Non-vault XP
 B = Vault XP
 C = Vault XP percentage of total XP
 D = Non-vault monster count
 E = Vault monster count
 F = Vault count percentage of total count
                 A         B        C        D         E       F
            +---------+---------+-------+---------+---------+-------
      Total |     247 |      64 |  20.6 |      72 |      11 |  13.3
            +---------+---------+-------+---------+---------+-------
        D:1 |      43 |       0 |   0.0 |      24 |       0 |   0.0
        D:2 |      62 |       0 |   0.0 |      23 |       0 |   0.0
        D:3 |     119 |      38 |  24.2 |      18 |       6 |  25.0
        D:4 |      23 |      26 |  53.1 |       7 |       5 |  41.7
            +---------+---------+-------+---------+---------+-------
